 Dungeon Crawl Stone Soup version 0.26.1-11-gd32895ea62 (webtiles) character file.

Game seed: 4098323780397667651

67 Arsuriii the Chopper (level 3, -3/28 HPs)
             Began as a Demonspawn Gladiator on Apr 17, 2021.
             Slain by Grinder (4 damage)
             ... on level 2 of the Dungeon.
             The game lasted 00:08:55 (1562 turns).

Arsuriii the Chopper (Demonspawn Gladiator)         Turns: 1562, Time: 00:08:56

Health: -3/28      AC:  7    Str: 20    XL:     3   Next: 98%
Magic:  3/3        EV: 12    Int:  9    God:
Gold:   103        SH:  3    Dex: 15    Spells: 2/2 levels left

rFire    . . .     SeeInvis .   a - +0 war axe
rCold    . . .     Faith    .   k - +0 buckler
rNeg     . . .     Spirit   .   b - +0 leather armour
rPois    .         Reflect  .   c - +0 helmet
rElec    .         Harm     .   o - +0 cloak
rCorr    .         Rampage  .   (no gloves)
Will     .....                  (no boots)
Stlth    +.........             (no amulet)
HPRegen  0.09/turn              i - +6 ring of strength
MPRegen  0.08/turn              (no ring)

@: no status effects
A: thin metallic scales 1
a: no special abilities


You were on level 2 of the Dungeon.
You visited 1 branch of the dungeon, and saw 3 of its levels.

You collected 103 gold pieces.

Inventory:

Hand Weapons
 a - a +0 war axe (weapon)
Missiles
 d - 3 throwing nets (quivered)
Armour
 b - a +0 leather armour (worn)
 c - a +0 helmet (worn)
 k - a +0 buckler (worn)
 o - a +0 cloak (worn)
Jewellery
 i - a +6 ring of strength (left hand)
Scrolls
 e - 2 scrolls of remove curse {unknown}
 j - 5 scrolls of identify {unknown}
 l - a scroll of teleportation {unknown}
 m - a scroll of enchant armour {unknown}
 p - 2 scrolls of fog {unknown}
 q - 3 scrolls of magic mapping {unknown}
 s - a scroll of enchant weapon {unknown}
Potions
 f - a potion of ambrosia {unknown}
 g - a potion of flight {unknown}
 h - a potion of invisibility
 n - a potion of curing {unknown}
 t - a potion of heal wounds {unknown}


   Skills:
 + Level 2.4 Fighting
 + Level 3.4 Axes
 + Level 1.8 Throwing
 + Level 0.8 Armour
 + Level 3.2 Dodging
 + Level 0.1 Stealth


You had 2 spell levels left.
You didn't know any spells.
Your spell library was empty.

Dungeon Overview and Level Annotations

Branches:
Dungeon (3/15)

Altars:

Annotations:
D:2 Grinder


Innate Abilities, Weirdness & Mutations

You are partially covered in thin metallic scales. (AC +2)


Message History

You hit Grinder. The ball python closely misses you.
* * * LOW HITPOINT WARNING * * *
The ball python constricts you. Grinder hits you.
* * * LOW HITPOINT WARNING * * *
You writhe in agony.
* * * LOW HITPOINT WARNING * * *
The ball python bites you but does no damage.
The ball python constricts you.
You escape the ball python's grasp.
There is a stone staircase leading up here.
You see here 2 stones.
Grinder hits you but does no damage.
You climb upwards.
There is a stone staircase leading down here.
As you read the scroll labelled RETEAN BAFIL, it crumbles to dust.
The creatures around you are filled with an inner flame!
It was a scroll of immolation.
Grinder hits you.
* * * LOW HITPOINT WARNING * * *
You writhe in agony.
You die...

..#)##.......#.........#
..#.##.......##........#
###..........##..#######
####......<##..#
#.......##..# ##
#.......##..# .#
##.##.......# .#
#..........#### .#
####.....5@...# .#
##########.### .#
#.....##....# .#
#.###.##..#.# .#
#.#(†.....#.# ##
#.#.#.###.#.#######
#.#.#...#.#.#.....#
#.#.....#.#.#.###.#
#.#######.#...###.#


You could see Grinder (inner flame).

Vanquished Creatures
  3 adders (D:2)
  An ooze (D:3)
  A worm (D:2)
  An orc (D:3)
  4 bats (D:1)
  2 giant cockroaches
  3 goblins
  A hobgoblin (D:3)
  6 frilled lizards
  4 kobolds
  8 rats
34 creatures vanquished.

Vanquished Creatures (others)
  10 plants (D:1)
10 creatures vanquished.

Grand Total: 44 creatures vanquished

Notes
Turn   | Place    | Note
-------+----------+-------------------------------------------
     0 | D:1      | Arsuriii the Demonspawn Gladiator began the quest for the
                  | Orb.
     0 | D:1      | Reached XP level 1. HP: 16/16 MP: 1/1
   137 | D:1      | Gained mutation: You are partially covered in thin metallic
                  | scales. (AC +2) [demonic ancestry]
   137 | D:1      | Reached XP level 2. HP: 16/22 MP: 2/2
  1058 | D:2      | Reached XP level 3. HP: 23/27 MP: 3/3
  1545 | D:3      | Noticed Grinder
  1558 | D:3      | HP: 1/28 [Grinder (2)]
  1562 | D:2      | Slain by Grinder

Illustrated notes

Levels and vault maps discovered:
D:1:      lightli_molten_gateway, layout_loops_ring, serial_bayou_pond_a,
          nrook_loot_triangle, chequers_mini_garden
D:2:      layout_basic
D:3:      layout_rooms, minmay_misc_feat_secret_circle, st_stairs_3,
          uniq_grinder, uniq_natasha

Skill      XL: |  1  2 |
---------------+-------+-----
Axes           | 3 |  3.4
Dodging        | 3 |  3.2
Fighting       | |  2.4
Throwing       | |  1.8
Armour         | |  0.8
Stealth        | |  0.1

Action                   || total
-------------------------++-------
Melee: War axe           ||   147
  Use: Potion            ||     2
       Scroll            ||     1
Armor: Leather armour    ||    59
Dodge: Dodged            ||   100
Block: Buckler           ||     7
